Map: [ESL] Inside and Out

Players

MaNa

  • Race: Protoss Protoss
  • Spawn Location: 7:00

Lambo - Winner!

  • Race: Zerg Zerg
  • Spawn Location: 1:00

Event: DreamHack SC2 Masters 2022 Atlanta (Online)

VOD

Have the link to the VOD?

Description

Time

  • Played on: Sept. 28, 2022, 11:56 a.m.
  • Length: 9:21

All games in this series

Show
View Real Time Build Order
Export as new Build Order

MaNa Protoss 

Build Orders: 1 Gate Expand, Oracle Opening, Zealot Archon 

Get SALT Encoding   

  12  0:00  Probe  
  13  0:12  Probe  
  14  0:19  Pylon  
  14  0:24  Probe  
  15  0:37  Probe (Chrono Boost)  
  16  0:44  Gateway  
  16  0:46  Probe (Chrono Boost)  
  17  0:50  Assimilator  
  17  0:51  Probe (Chrono Boost)  
  18  1:03  Probe (Chrono Boost)  
  19  1:12  Probe (Chrono Boost)  
  19  1:17  Probe (Chrono Boost)  
  21  1:29  Nexus  
  21  1:39  Cybernetics Core  
  21  1:42  Probe  
  22  1:47  Assimilator  
  22  1:54  Pylon  
  22  1:56  Probe  
  23  2:12  Probe (Chrono Boost)  
  24  2:16  Adept, Stargate  
  26  2:24  Probe (Chrono Boost)  
  26  2:26  Warp Gate  
  27  2:31  Probe (Chrono Boost)  
  28  2:41  Probe (Chrono Boost)  
  28  2:43  Probe (Chrono Boost)  
  30  2:46  Stalker  
  30  2:51  Probe (Chrono Boost)  
  34  2:53  Probe (Chrono Boost)  
  34  2:56  Probe (Chrono Boost)  
  35  2:59  Oracle (Chrono Boost)  
  35  3:03  Probe  
  39  3:09  Gateway, Probe  
  40  3:14  Pylon  
  40  3:15  Probe  
  40  3:18  Adept  
  43  3:21  Probe  
  44  3:27  Probe  
  44  3:33  Probe  
  46  3:36  Oracle  
  46  3:39  Probe  
  50  3:45  Probe  
  51  3:51  Probe  
  52  3:58  Probe  
  52  4:03  Twilight Council, Probe  
  52  4:09  Nexus  
  53  4:10  Probe, Forge  
  53  4:11  Robotics Facility  
  54  4:20  Charge, Pylon  
  54  4:24  Assimilator  
  54  4:25  Assimilator  
  54  4:27  Pylon  
  54  4:37  Gateway x2  
  54  4:38  Probe x2  
  56  4:40  Protoss Ground Weapons Level 1 (Chrono Boost)  
  56  4:50  Probe x2  
  58  4:55  Shield Battery  
  58  4:57  Warp Prism (Chrono Boost)  
  58  5:02  Probe x2  
  62  5:12  Gateway x2  
  62  5:14  Probe  
  62  5:19  Gateway  
  63  5:21  Gateway  
  63  5:33  Zealot x3  
  63  5:34  Zealot  
  71  5:36  Probe  
  71  5:38  Probe  
  73  5:44  Templar Archives  
  73  5:45  Probe  
  74  6:03  Zealot x4  
  82  6:09  Probe x2  
  84  6:13  Zealot x2, Robotics Bay  
  84  6:15  Probe  
  77  6:21  Probe  
  77  6:22  Zealot  
  77  6:23  Zealot x2  
  83  6:28  Probe  
  83  6:30  Immortal (Chrono Boost)  
  85  6:41  Robotics Facility  
  85  6:43  Pylon  
  85  6:44  Shield Battery  
  85  6:46  Protoss Ground Weapons Level 2 (Chrono Boost)  
  85  6:51  Blink, Assimilator  
  85  6:55  Assimilator  
  85  7:01  Probe x3  
  85  7:02  Disruptor (Chrono Boost)  
  85  7:04  Zealot  
  85  7:06  Pylon  
  93  7:11  Pylon  
  93  7:15  Probe  
  92  7:21  Photon Cannon  
  92  7:23  Shield Battery  
  92  7:29  Probe x2  
  97  7:32  High Templar x4  
  97  7:33  Zealot x2  
  97  7:35  Disruptor (Chrono Boost)  
  109  7:38  Archon x2  
  109  7:41  Photon Cannon  
  109  7:42  Shield Battery  
  109  7:48  Shield Battery  
  109  7:51  Pylon  
  109  7:56  Shield Battery  
  109  7:57  Pylon  
  109  8:00  Pylon  
  109  8:03  Immortal  
  108  8:06  Observer  
  108  8:09  Stalker x4  
  103  8:13  Zealot x3  
  103  8:19  Stalker  
  88  8:37  Zealot x7  
Show
View Real Time Build Order
Export as new Build Order

Lambo Zerg - Winner!

Build Orders: Hatch First 

Get SALT Encoding   

  12  0:00  Drone  
  13  0:12  Overlord  
  13  0:16  Drone  
  14  0:30  Drone x2  
  16  0:41  Drone  
  17  0:51  Hatchery  
  17  0:54  Drone  
  17  0:58  Drone  
  18  1:09  Extractor  
  17  1:13  Spawning Pool  
  17  1:15  Drone  
  17  1:20  Drone  
  18  1:27  Drone  
  19  1:38  Drone  
  20  1:51  Overlord  
  20  1:59  Queen  
  22  2:03  Queen, Drone  
  22  2:04  Zergling x2  
  26  2:09  Metabolic Boost  
  26  2:11  Zergling x2  
  26  2:14  Drone  
  28  2:22  Drone  
  29  2:29  Drone  
  30  2:32  Drone  
  31  2:39  Hatchery  
  31  2:40  Drone  
  31  2:46  Drone  
  31  2:48  Overlord  
  32  2:53  Queen  
  32  2:57  Zergling x2  
  35  3:00  Drone  
  36  3:06  Queen  
  36  3:10  Drone  
  36  3:11  Overlord  
  39  3:14  Drone x2  
  39  3:16  Drone  
  42  3:20  Drone x2  
  44  3:30  Drone  
  44  3:31  Drone  
  46  3:35  Drone x2  
  46  3:41  Drone  
  49  3:45  Zergling x4  
  51  3:49  Drone  
  51  3:50  Roach Warren  
  50  3:56  Zergling x6  
  50  3:58  Queen  
  50  3:59  Spore Crawler  
  50  4:02  Drone x2, Evolution Chamber  
  56  4:05  Drone x2  
  56  4:06  Overlord  
  58  4:14  Overlord  
  58  4:24  Queen  
  58  4:25  Drone x6  
  65  4:34  Drone  
  65  4:35  Drone x2  
  65  4:36  Spore Crawler, Drone  
  65  4:37  Overlord  
  68  4:39  Lair  
  68  4:40  Drone x2  
  68  4:41  Drone  
  68  4:43  Drone  
  72  4:47  Drone  
  72  4:48  Overlord  
  72  4:50  Overlord  
  73  4:56  Drone x4  
  73  4:57  Extractor x2  
  75  5:01  Spore Crawler  
  75  5:03  Overlord  
  76  5:07  Drone x4  
  76  5:09  Drone  
  76  5:11  Extractor  
  78  5:16  Hatchery  
  78  5:17  Drone x4  
  78  5:18  Drone  
  82  5:21  Drone  
  82  5:23  Evolution Chamber  
  82  5:24  Drone  
  83  5:28  Overlord  
  83  5:31  Overlord  
  83  5:33  Overlord, Extractor  
  83  5:34  Extractor  
  83  5:35  Drone x2  
  83  5:40  Overlord  
  83  5:41  Roach x3  
  89  5:44  Overlord  
  89  5:46  Roach, Spine Crawler  
  89  5:47  Roach x3  
  89  5:48  Glial Reconstitution  
  97  5:51  Spine Crawler  
  97  5:56  Roach x3  
  102  5:59  Roach x2  
  106  6:04  Roach x2  
  106  6:09  Roach x4  
  117  6:15  Roach x3  
  124  6:24  Roach x4  
  132  6:31  Overlord  
  132  6:32  Pneumatized Carapace  
  132  6:35  Overlord  
  132  6:36  Roach  
  132  6:39  Spore Crawler  
  132  6:43  Zerg Missile Weapons Level 1  
  132  6:45  Roach  
  132  6:46  Overlord  
  133  6:48  Overlord  
  133  6:50  Overlord  
  133  6:52  Overlord  
  133  6:53  Overlord  
  133  6:56  Roach x2  
  137  7:02  Roach  
  137  7:06  Roach x2  
  143  7:11  Roach  
  144  7:19  Roach x7  
  144  7:21  Queen x2  
  158  7:23  Roach  
  158  7:25  Ravager  
  158  7:27  Roach x2  
  165  7:33  Roach x3  
  165  7:34  Zergling x2  
  172  7:39  Zergling x2  
  172  7:43  Zergling x4  
  175  7:50  Zergling x12  
  181  7:53  Zergling x2  
  181  7:55  Zergling x2  
  181  7:57  Ravager x3  
  175  8:07  Roach x3  
  175  8:12  Roach  
  177  8:19  Roach x7  
  173  8:23  Roach x2  
  161  8:27  Roach  
  161  8:32  Roach  
  159  8:36  Roach x2  
  159  8:42  Roach x3  
  159  8:44  Roach  
  152  8:50  Hatchery  
Tags
 
Add a new tag
Caveats
  • Supply blocks, unpowered buildings, or Contaminate may cause inaccurate times.
  • Supply counts are checked every 10 seconds.